 Dungeon Crawl Stone Soup version 0.29-a0-557-g43b9904bd1 (webtiles) character file.

Game seed: 3544548653771445384

44 DocClef the Covert (level 3, 0/35 HPs)
             Began as a Gnoll Delver on June 8, 2022.
             Was an Initiate of Hepliaklqana.
             Slain by a worm (4 damage)
             ... on level 2 of the Dungeon.
             The game lasted 00:01:24 (1308 turns).

DocClef the Covert (Gnoll Delver)                   Turns: 1308, Time: 00:01:25

Health: 0/35       AC:  6    Str: 11    XL:     3   Next: 60%
Magic:  4/4        EV: 12    Int:  9    God:    Hepliaklqana [......]
Gold:   65         SH:  0    Dex: 15    Spells: 3/3 levels left

rFire   + . .      SeeInvis .   a - +0 short sword
rCold   . . .      Faith    .   (no shield)
rNeg    . . .      Spirit   .   l - +0 ring mail {rF+}
rPois   .          Reflect  .   (no helmet)
rElec   .          Harm     .   o - +0 cloak
rCorr   .          Rampage  .   (no gloves)
Will    .....                   (no boots)
Stlth   ++++......              (no amulet)
HPRegen 0.11/turn               (no ring)
MPRegen 0.09/turn               (no ring)

@: no status effects
A: fangs 1, strong nose, distributed training
a: Renounce Religion


You were on level 2 of the Dungeon.
You worshipped Hepliaklqana.
Hepliaklqana was noncommittal.
You visited 1 branch of the dungeon, and saw 4 of its levels.

You collected 65 gold pieces.

Inventory:

Hand Weapons
 a - a +0 short sword (weapon)
Armour
 b - a +0 leather armour
 l - a +0 ring mail of fire resistance (worn)
 o - a +0 cloak (worn)
Wands
 g - a wand of digging (3)
Scrolls
 c - a scroll of fog
 d - 2 scrolls of magic mapping
 e - a scroll of fear
 j - a scroll of identify {unknown}
Potions
 f - 2 potions of haste
 h - a potion of flight {unknown}
 i - a potion of resistance {unknown}
 k - a potion of heal wounds {unknown}
 m - a potion of attraction {unknown}
 n - a potion of degeneration {unknown}


   Skills:
 + Level 6.5 Fighting
 + Level 4.5 Short Blades
 + Level 0.9 Long Blades
 + Level 0.9 Axes
 + Level 0.9 Maces & Flails
 + Level 0.9 Polearms
 + Level 0.9 Staves
 + Level 0.9 Slings
 + Level 0.9 Bows
 + Level 0.9 Crossbows
 + Level 0.9 Throwing
 + Level 0.9 Armour
 + Level 4.5 Dodging
 + Level 9.6 Stealth
 + Level 0.9 Shields
 + Level 0.9 Unarmed Combat
 + Level 0.9 Spellcasting
 + Level 0.6 Conjurations
 + Level 0.6 Hexes
 + Level 0.6 Summonings
 + Level 0.6 Necromancy
 + Level 0.6 Translocations
 + Level 0.6 Transmutations
 + Level 0.6 Fire Magic
 + Level 0.6 Ice Magic
 + Level 0.6 Air Magic
 + Level 0.6 Earth Magic
 + Level 0.6 Poison Magic
 + Level 1.0 Invocations
 + Level 0.9 Evocations


You had 3 spell levels left.
You didn't know any spells.
Your spell library contained the following spells:

 Spells                   Type           Power      Damage    Failure   Level
 Beastly Appendage        Tmut           2%         N/A       56%         1
 Wereblood                Tmut           1%         N/A       71%         2
 Spider Form              Tmut/Pois      1%         N/A       91%         3


Dungeon Overview and Level Annotations

Branches:
Dungeon (5/15)
 Temple: D:4-7

Altars:
Dithmenos
Hepliaklqana
Trog
Xom


Innate Abilities, Weirdness & Mutations

You have very sharp teeth.
Your uncanny sense of smell can sniff out nearby items.
Your experience applies equally to all skills.


Message History

You are too injured to fight recklessly!
You are too injured to fight recklessly!
You are too injured to fight recklessly!
You are too injured to fight recklessly!
The kobold attacks as you move away! The kobold barely misses you.
The kobold attacks as you move away! The kobold barely misses you.
You hit the kobold.
You kill the kobold!
The worm bites you.
You see here a +0 whip.
You hit the worm.
The worm is moderately wounded.
You hit the worm. You bite the worm.
The worm is heavily wounded.
The worm closely misses you.
You hit the worm but do no damage. You bite the worm, but do no damage.
The worm is heavily wounded.
You barely miss the worm. Your bite misses the worm.
The worm is heavily wounded.
The worm bites you but does no damage.
You hit the worm.
The worm is heavily wounded.
You hit the worm but do no damage.
The worm is heavily wounded.
The worm bites you!
* * * LOW HITPOINT WARNING * * *
You barely miss the worm.
The worm is moderately wounded.
You hit the worm.
The worm is heavily wounded.
The worm bites you but does no damage.
You hit the worm but do no damage.
The worm is heavily wounded.
The worm barely misses you.
You hit the worm.
The worm is severely wounded.
You hit the worm but do no damage.
The worm is severely wounded.
The worm bites you.
You die...

### ############
####.. ..#........
##....# #.#.#...#..
##.....####.#........
#.......#...w........
#.........#@#........
#.......###.#.#...#..
##...>......#........
##...###.###########
##.###...##
#........#
#####...#######
##.##.....#
####.##.....#


You could see a worm.

Vanquished Creatures
  An adder (D:3)
  A worm (D:3)
  5 orcs (D:3)
  3 bats
  2 endoplasms
  A giant cockroach (D:2)
  5 goblins
  A quokka (D:2)
  3 ball pythons
  A frilled lizard (D:3)
  A kobold (D:2)
  2 rats
26 creatures vanquished.

Notes
Turn   | Place    | Note
-------+----------+-------------------------------------------
     0 | D:5      | Reached skill level 9 in Stealth
     0 | D:5      | DocClef the Gnoll Delver began the quest for the Orb.
     0 | D:5      | Reached XP level 1. HP: 23/23 MP: 1/1
    23 | D:5      | Noticed an iguana
   214 | D:3      | Reached XP level 2. HP: 23/29 MP: 2/2
   544 | D:3      | Reached XP level 3. HP: 35/35 MP: 3/3
   770 | D:3      | Found a bloodstained altar of Trog.
   960 | D:3      | Found a shimmering altar of Xom.
   976 | D:3      | Found a shadowy altar of Dithmenos.
  1010 | D:3      | Found a hazy altar of Hepliaklqana.
  1123 | D:3      | Became a worshipper of Hepliaklqana the Forgotten
  1162 | D:2      | Reached skill level 1 in Invocations
  1308 | D:2      | Slain by a worm

Illustrated notes

Levels and vault maps discovered:
D:2:      minmay_recursive_quarters, layout_loops_cross, minmay_hedge_maze,
          kennysheep_generic_room_4
D:3:      layout_basic, lemuel_round_altar, minitemple, chequers_mini_garden,
          chequers_serial_rivers_micro_e
D:4:      layout_rooms, uniq_edmund
D:5:      layout_layer_cave, eino_tiny_chamber

Skill      XL: |  1  2  3 |
---------------+----------+-----
Stealth        | |  9.6
Invocations    | 1 |  1.0
Fighting       | |  6.5
Short Blades   | |  4.5
Long Blades    | |  0.9
Axes           | |  0.9
Maces & Flails | |  0.9
Polearms       | |  0.9
Staves         | |  0.9
Slings         | |  0.9
Bows           | |  0.9
Crossbows      | |  0.9
Throwing       | |  0.9
Armour         | |  0.9
Dodging        | |  4.5
Shields        | |  0.9
Unarmed Combat | |  0.9
Spellcasting   | |  0.9
Conjurations   | |  0.6
Hexes          | |  0.6
Summonings     | |  0.6
Necromancy     | |  0.6
Translocations | |  0.6
Transmutations | |  0.6
Fire Magic     | |  0.6
Ice Magic      | |  0.6
Air Magic      | |  0.6
Earth Magic    | |  0.6
Poison Magic   | |  0.6
Evocations     | |  0.9

Action                   || total
-------------------------++-------
Melee: Short sword       ||    99
       Bite              ||    12
 Stab: Sleeping          ||     5
Armor: Leather armour    ||     5
       Ring mail         ||    19
Dodge: Dodged            ||    42

Table legend: (Time is in decaauts)
 A = Elapsed time spent in this place.
 B = Non-inter-level travel time spent in this place.
 C = Inter-level travel time spent in this place.
 D = Time resting spent in this place.
 E = Time spent auto-exploring this place.
 F = Levels seen in this place.
 G = Mean time per level.
                   A        B        C        D        E       F      G
               +--------+--------+--------+--------+--------+-----+--------+
         Total |   1295 |   1219 |     76 |      0 |    976 |   4 |  323.8 |
       Dungeon |   1295 |   1219 |     76 |      0 |    976 |   4 |  323.8 |
               +--------+--------+--------+--------+--------+-----+--------+

Top non-repeatable levels by time:
     D:3: 1079 daAuts
     D:2: 151 daAuts
     D:4: 33 daAuts
     D:5: 30 daAuts
